AoeStats
← LM | TornardoBriese

MegaRandom

505481558Analyzed
1v1 RM · 22d ago on Sep 9, 2026· 53m 12s· 2 players
Game mode
Random Map
Map size
Tiny (2 player)
Population
200
Speed
Normal
Resources
Standard
Victory
Conquest
Starting age
Dark Age
Ending age
Imperial Age
RankedLock teamsTeams togetherTeam positionsShared explorationLock speedFull tech treeHidden civsTurbo modeCheats
Victory
Defeat
🇩🇪 Berbers · Germany
1265
+14
🇨🇭 Mongols · Switzerland
1229
-14
jan_pug
6:19 Loom
7:03 Loom
9:56 Feudal Age
10:43 Double-Bit Axe
14:41 Horse Collar
18:48 Castle Age
17:14 Scale Barding Armor
18:04 Bloodlines
18:25 Forging
20:24 Husbandry
23:02 Light Cavalry
27:14 Chain Barding Armor
27:57 Fletching
30:26 Bodkin Arrow
30:44 Padded Archer Armor
31:56 Ballistics
33:24 Leather Archer Armor
42:26 Bow Saw
42:19 Heavy Plow
45:23 Wheelbarrow
44:34 Town Watch
47:46 Imperial Age
46:44 Iron Casting
46:23 Murder Holes
47:46 Hussar
48:32 Maghrebi Camels
49:13 Hand Cart
50:44 Chemistry
49:55 Bracer
51:44 Conscription
53:19 Heated Shot
53:10 Elite Camel Archer
LM | TornardoBriese
11:48 Feudal Age
12:31 Double-Bit Axe
14:04 Horse Collar
17:21 Loom
20:07 Castle Age
18:19 Gold Mining
19:09 Fletching
19:48 Padded Archer Armor
20:09 Bloodlines
20:43 Bodkin Arrow
25:41 Bow Saw
26:00 Pikeman
28:43 Wheelbarrow
39:49 Ballistics
39:45 Leather Archer Armor
40:11 Light Cavalry
44:35 Imperial Age
42:42 Elite Skirmisher
45:30 Bracer
48:22 Thumb Ring
48:42 Conscription
49:37 Parthian Tactics
Connection lost

Rejoining the realm…

Still unreachable

The connection could not be restored.

Session expired

The server has moved on; the page needs a fresh start.